 Dungeon Crawl Stone Soup version 0.20.0-15-g7f486f2 (webtiles) character file.

6374 VajrapaniSR the Cleaver (level 10, -2/96 HPs)
             Began as a Deep Dwarf Fighter on June 27, 2017.
             Was a Follower of Makhleb.
             Succumbed to a spiny frog's poison
             ... on level 1 of the Lair of Beasts.
             The game lasted 00:26:50 (3877 turns).

VajrapaniSR the Cleaver (Deep Dwarf Fighter)        Turns: 3877, Time: 00:26:51

Health: -2/96      AC: 18    Str: 20    XL:     10   Next: 65%
Magic:  2/2        EV:  5    Int: 12    God:    Makhleb [*.....]
Gold:   6          SH:  9    Dex: 12    Spells: 9/9 levels left

rFire    + . .     SeeInvis .   w - +5 broad axe of Valuable Assets {chop, rF+ MR+++ Str-4 Int+4}
rCold    . . .     Gourm    +   c - +0 shield
rNeg     . . .     Faith    .   p - +0 chain mail
rPois    .         Spirit   .   (no helmet)
rElec    .         Reflect  .   o - +2 cloak
rCorr    +         Harm     .   g - +2 pair of gloves
MR       ++++.                  l - +2 pair of boots
Stlth    ..........             v - amulet of the gourmand
Regen    0.0/turn               t - ring of resist corrosion
MPRegen  0.1/turn               (no ring)

@: lethally poisoned (-2 -> -8), berserk cooldown, non-regenerating
A: damage resistance, heal wounds, talons 2, sense surroundings 2, no
regeneration
a: Heal Wounds, Renounce Religion


You were on level 1 of the Lair of Beasts.
You worshipped Makhleb.
Makhleb was aware of your devotion.
You were not hungry.

You visited 3 branches of the dungeon, and saw 12 of its levels.

You collected 222 gold pieces.
You spent 216 gold pieces at shops.

Inventory:

Hand Weapons
 w - the +5 broad axe of Valuable Assets (weapon) {chop, rF+ MR+++ Str-4 Int+4}
   (You bought it in a shop on level 7 of the Dungeon)

   It inflicts extra damage upon your enemies.
   It affects your strength (-4).
   It affects your intelligence (+4).
   It protects you from fire.
   It affects your resistance to hostile enchantments.
Missiles
 r - a throwing net (quivered)
Armour
 c - a +0 shield (worn)
 g - a +2 pair of gloves (worn)
 l - a +2 pair of boots (worn)
 o - a +2 cloak (worn)
 p - a +0 chain mail (worn)
 x - a +0 plate armour
Jewellery
 t - a ring of resist corrosion (left hand)
 v - an amulet of the gourmand (around neck)
Wands
 d - a wand of paralysis (9/24)
 q - a wand of acid (3/15)
Scrolls
 h - 2 scrolls of enchant armour
 j - 2 scrolls of remove curse
 k - a scroll of amnesia
 m - a scroll of teleportation
 u - a scroll of fear {unknown}
 y - a scroll of enchant weapon
Potions
 b - a potion of agility
 e - a potion of mutation
 i - a potion of cancellation
 n - a potion of brilliance
Comestibles
 f - 5 bread rations
 s - a meat ration


   Skills:
 + Level 7.7 Fighting
 * Level 14.8 Axes
 - Level 3.2 Armour
 - Level 3.2 Shields


You had 9 spell levels left.
You didn't know any spells.

Dungeon Overview and Level Annotations

Branches:
Dungeon (11/15)            Temple (1/1) D:5            Lair (1/6) D:11
    Orc: D:9-12

Altars:
Ashenzari
Cheibriados
Dithmenos
Elyvilon
Fedhas
Gozag
Hepliaklqana
Kikubaaqudgha
Makhleb
Okawaru
Qazlal
Ru
Sif Muna
Trog
Xom
The Shining One

Shops:
D:7 *

Annotations:
D:5 1 runed door


Innate Abilities, Weirdness & Mutations

You are resistant to damage.
You can heal yourself by infusing magical energy.
You passively map the area around you.
You do not regenerate.
You have razor-sharp toenails.


Message History

* * * LOW HITPOINT WARNING * * *
You feel sick.
You are no longer berserk.
You are exhausted.
You feel yourself slow down.
* * * LOW HITPOINT WARNING * * *
You feel sick.
Okay, then.
Okay, then.
Evoke which item? (* to show all) (? for menu, Esc to quit)
Okay, then.
You feel extremely strange.
Your toenails lengthen and sharpen.
Your vision blurs.
Your vision sharpens.
Your toenails lengthen and sharpen.
* * * LOW HITPOINT WARNING * * *
You feel very sick.
Your magical effects are unravelling.
You feel magically purged.
You feel yourself speed up.
You die...

, .* .. .. ## ,
** ,* .. ..,..,
... ,, , ,#.>
.#.#*#.# ,,, ,
, , .. ,...#...
. , * * *
...#.##..#.#P..
, . #
......[........
, .# ,. *
**#..#, , * *
.# .##
#######..# * ,
, .##..
#...@†%..#
..#.#
#.#####.## * *
....# #.# #..#
, * ...## #.#
#..#* * , ,
..#.#########.#
.... *
..............#
####P *
....####.######
## * ..###*#.##
* #....... *


There were no monsters in sight!

Vanquished Creatures
  A two-headed ogre (D:8)
  Pikel (D:5)
  3 spiny frogs (Lair:1)
  A komodo dragon (Lair:1)
  A troll (D:11)
  A hornet (D:9)
  A hippogriff (Lair:1)
  4 yaks (D:11)
  Edmund (D:5)
  A water moccasin (D:9)
  2 hell hounds (D:11)
  2 orc warriors
  A slave (D:5)
  A necrophage (D:7)
  A phantom (D:6)
  3 sky beasts
  4 ogres
  A centaur (D:7)
  A big kobold (D:11)
  A bullfrog (D:6)
  2 scorpions
  8 killer bees
  2 centaur zombies
  5 crimson imps
  A quasit (D:7)
  3 orc priests
  5 hounds
  A bullfrog skeleton (D:5)
  2 jellies
  An iguana (D:8)
  4 orc wizards
  5 worker ants
  3 hound zombies
  A howler monkey zombie (D:6)
  A howler monkey skeleton (D:7)
  5 adders
  An adder skeleton (D:5)
  An adder zombie (D:7)
  A dart slug (D:2)
  3 leopard geckos
  21 orcs
  4 bats
  4 giant cockroaches
  A goblin (D:1)
  2 hobgoblins
  4 jackals
  4 frilled lizards
  A goblin skeleton (D:7)
  A hobgoblin zombie (D:7)
  A jackal skeleton (D:7)
  6 kobolds
  2 kobold zombies (D:7)
  An orc skeleton (D:7)
  An orc zombie (D:7)
  A quokka zombie (D:5)
  A rat (D:6)
142 creatures vanquished.

Vanquished Creatures (others)
  An adder skeleton (D:5)
  A dart slug (D:5)
2 creatures vanquished.

Grand Total: 144 creatures vanquished

Notes
Turn   | Place    | Note
-------+----------+-------------------------------------------
     0 | D:1      | VajrapaniSR the Deep Dwarf Fighter began the quest for the Orb.
     0 | D:1      | Reached XP level 1. HP: 20/20 MP: 1/1
   143 | D:3      | Reached skill level 3 in Axes
   152 | D:3      | Reached XP level 2. HP: 27/27 MP: 2/2
   308 | D:3      | Found a deep blue altar of Sif Muna.
   388 | D:4      | Reached skill level 4 in Axes
   388 | D:4      | Reached XP level 3. HP: 25/33 MP: 3/3
   466 | D:4      | Found a sacrificial altar of Ru.
   466 | D:4      | Found a shimmering altar of Xom.
   467 | D:4      | Found an opulent altar of Gozag.
   641 | D:4      | Reached skill level 5 in Axes
   641 | D:4      | Reached XP level 4. HP: 29/40 MP: 4/4
   735 | D:5      | Entered Level 5 of the Dungeon
   767 | D:5      | Reached XP level 5. HP: 26/46 MP: 5/5
   841 | D:5      | Found a runed door.
   877 | D:5      | Reached skill level 6 in Axes
  1041 | D:5      | Noticed a slave
  1043 | D:5      | Noticed a slave
  1051 | D:5      | Noticed Pikel
  1055 | D:5      | Noticed a slave
  1057 | D:5      | Noticed a slave
  1059 | D:5      | Killed a slave
  1072 | D:5      | Killed Pikel
  1072 | D:5      | Reached skill level 9 in Axes
  1072 | D:5      | Reached XP level 6. HP: 55/55 MP: 5/5
  1072 | D:5      | Reached XP level 7. HP: 61/61 MP: 6/6
  1399 | D:6      | Reached skill level 10 in Axes
  1528 | D:7      | Reached XP level 8. HP: 48/69 MP: 7/7
  1653 | D:6      | Found a shimmering altar of Xom.
  1684 | D:6      | Reached skill level 11 in Axes
  1759 | D:7      | Found a glowing golden altar of the Shining One.
  1885 | D:7      | Gained mutation: You passively map the area around you. [Deep Dwarf growth]
  1885 | D:7      | Reached XP level 9. HP: 30/80 MP: 5/5
  1907 | D:7      | Found Nyaqaumn's Assorted Antiques.
  1918 | D:7      | Reached skill level 5 in Fighting
  2036 | D:6      | Found a snail-covered altar of Cheibriados.
  2243 | D:6      | Found a shimmering altar of Xom.
  2336 | D:6      | Reached skill level 12 in Axes
  2884 | D:5      | Noticed Edmund
  2887 | D:5      | Found a staircase to the Ecumenical Temple.
  2904 | D:5      | Killed Edmund
  2917 | Temple   | Entered the Ecumenical Temple
  2949 | Temple   | Became a worshipper of Makhleb the Destroyer
  3209 | D:8      | Found an ancient bone altar of Kikubaaqudgha.
  3210 | D:8      | Found a blossoming altar of Fedhas.
  3386 | D:9      | Paralysed by a hornet for 1 turns
  3396 | D:9      | Paralysed by a hornet for 2 turns
  3420 | D:9      | Reached skill level 13 in Axes
  3529 | D:8      | Noticed a two-headed ogre
  3548 | D:8      | Killed a two-headed ogre
  3548 | D:8      | Reached XP level 10. HP: 38/92 MP: 3/3
  3614 | D:7      | Bought a crude broad axe for 216 gold pieces
  3614 | D:7      | Identified the +5 broad axe of Valuable Assets {chop, rF+ MR+++ Str-4 Int+4} (You bought it in a shop on level 7 of the Dungeon)
  3615 | D:7      | noice
  3656 | D:8      | You fall through a shaft for 3 floors!
  3678 | D:11     | Reached * piety under Makhleb
  3719 | D:11     | Reached skill level 14 in Axes
  3770 | D:11     | Found a staircase to the Lair.
  3794 | Lair:1   | Entered Level 1 of the Lair of Beasts
  3822 | Lair:1   | Noticed a spiny frog
  3824 | Lair:1   | Noticed a spiny frog
  3824 | Lair:1   | Noticed a spiny frog
  3833 | Lair:1   | Killed a spiny frog
  3854 | Lair:1   | Killed a spiny frog
  3868 | Lair:1   | Killed a spiny frog
  3875 | Lair:1   | HP: 4/96 [poisoned by a spiny frog]
  3876 | Lair:1   | Gained mutation: You have sharp toenails. [potion of mutation]
  3876 | Lair:1   | Gained mutation: Scrolls take you a little longer to read. [potion of mutation]
  3876 | Lair:1   | Lost mutation: Scrolls take you a little longer to read. [potion of mutation]
  3876 | Lair:1   | Gained mutation: You have razor-sharp toenails. [potion of mutation]
  3876 | Lair:1   | HP: 1/96 [poisoned by a spiny frog]
  3877 | Lair:1   | Succumbed to a spiny frog's poison

Skill      XL: |  1  2  3  4  5  6  7  8  9 10 |
---------------+-------------------------------+-----
Axes           | 3 4 5 9 10 11 13 14 | 14.8
Fighting       | 3 4 6 7 |  7.7
Armour         | |  3.2
Shields        | |  3.2

Action                   |  1- 3 |  4- 6 |  7- 9 | 10-12 || total
-------------------------+-------+-------+-------+-------++-------
Melee: War axe           |    77 |    85 |    44 |       ||   206
       Battleaxe         |       |       |   342 |     3 ||   345
       Broad axe         |       |       |       |    74 ||    74
 Abil: Heal Wounds       |       |     2 |    18 |     2 ||    22
Evoke: Wand              |       |       |     9 |       ||     9
  Use: Scroll            |     5 |     2 |    12 |     1 ||    20
       Potion            |       |     1 |     6 |     3 ||    10
 Stab: Invisible         |       |       |     1 |       ||     1
       Paralysed         |       |       |     9 |       ||     9
  Eat: Chunk             |       |     1 |     4 |       ||     5
       Royal jelly       |       |       |     1 |       ||     1
       Meat ration       |       |       |     1 |       ||     1
Armor: Scale mail        |    53 |    52 |   168 |       ||   273
       Chain mail        |       |       |   136 |    41 ||   177
       Skin              |       |       |    40 |       ||    40
Dodge: Dodged            |    27 |    22 |   208 |    18 ||   275
Block: Shield            |    49 |    34 |    14 |    23 ||   120
